Map: Vallée des cactus EC

Players

AgCl

  • Race: Protoss Protoss

규리찡 - Winner!

  • Race: Terran Terran

VOD

Have the link to the VOD?

Description

Time

  • Played on: May 15, 2015, 2:46 a.m.
  • Length: 8:15
Show
View Real Time Build Order
Export as new Build Order

AgCl Protoss 

Build Orders: Oracle Opening, Oracle Opening 

Get SALT Encoding   

  12  0:22  Pylon  
  12  0:30  Probe, Assimilator  
  13  0:43  Probe  
  13  0:46  Gateway  
  14  0:53  Pylon  
  14  0:56  Probe  
  16  1:12  Probe (Chrono Boost)  
  16  1:23  Probe (Chrono Boost)  
  17  1:29  Probe  
  18  1:33  Zealot (Chrono Boost)  
  20  1:42  Probe  
  21  1:54  Probe  
  22  1:57  Cybernetics Core  
  22  2:01  Assimilator  
  22  2:04  Zealot  
  22  2:06  Probe  
  25  2:14  Pylon  
  25  2:18  Probe  
  24  2:37  Warp Gate (Chrono Boost)  
  24  2:39  Probe (Chrono Boost)  
  24  2:41  Stargate  
  25  2:50  Probe (Chrono Boost)  
  26  2:56  Probe (Chrono Boost)  
  26  3:08  Mothership Core (Chrono Boost)  
  27  3:24  Oracle (Chrono Boost)  
  30  3:33  Probe  
  31  3:38  Nexus  
  31  3:40  Gateway  
  31  3:45  Probe (Chrono Boost)  
  33  3:56  Probe (Chrono Boost)  
  29  4:31  Gateway  
  29  4:34  Pylon  
  29  4:42  Probe (Chrono Boost)  
  30  4:47  Pylon  
  30  4:48  Void Ray  
  31  4:54  Fleet Beacon, Probe (Chrono Boost)  
  35  5:01  Probe  
  35  5:02  Probe  
  37  5:12  Adept  
  37  5:14  Mothership Core, Probe  
  42  5:15  Adept  
  44  5:23  Assimilator  
  44  5:26  Probe  
  46  5:37  Probe (Chrono Boost)  
  46  5:38  Probe (Chrono Boost)  
  46  5:40  Adept  
  48  5:50  Probe (Chrono Boost)  
  48  5:52  Probe (Chrono Boost)  
  48  5:56  Probe (Chrono Boost)  
  47  5:57  Adept x2  
  47  5:59  Probe  
  50  6:09  Adept  
  44  6:17  Stalker  
  44  6:18  Zealot  
  46  6:21  Probe (Chrono Boost)  
  46  6:23  Assimilator  
  48  6:26  Probe (Chrono Boost)  
  48  6:37  Graviton Catapult (Chrono Boost)  
  50  6:41  Carrier (Chrono Boost)  
  50  6:42  Nexus  
  50  6:43  Twilight Council  
  50  6:46  Probe (Chrono Boost), Assimilator  
  49  6:47  Probe (Chrono Boost)  
  49  6:48  Pylon  
  50  6:57  Probe (Chrono Boost)  
  50  7:00  Probe (Chrono Boost)  
  60  7:08  Mothership Core (Chrono Boost)  
  60  7:15  Probe (Chrono Boost)  
  61  7:22  Probe x2 (Chrono Boost)  
  63  7:40  Probe  
  63  7:41  Assimilator  
  63  7:42  Probe  
  65  7:50  Stargate  
  65  7:52  Probe  
  65  7:53  Pylon  
  66  8:03  Adept x2  
  66  8:04  Adept  
Show
View Real Time Build Order
Export as new Build Order

규리찡 Terran - Winner!

Build Orders: Reaper Expand, MMM Bio 

Get SALT Encoding   

  12  0:01  SCV  
  13  0:13  SCV  
  14  0:18  Supply Depot  
  14  0:25  SCV  
  15  0:39  SCV  
  15  0:41  Barracks  
  16  0:45  Refinery  
  16  0:51  SCV  
  17  1:03  SCV  
  18  1:15  SCV  
  19  1:28  Orbital Command  
  19  1:31  Reaper  
  20  1:43  Command Center  
  20  1:55  SCV  
  20  1:57  Engineering Bay  
  21  2:04  Supply Depot  
  21  2:06  Barracks Reactor  
  21  2:07  SCV  
  22  2:19  SCV  
  22  2:31  SCV  
  23  2:39  Barracks  
  23  2:43  Refinery, Barracks  
  23  2:44  SCV  
  24  2:52  Marine x2  
  24  2:56  SCV  
  27  3:08  SCV  
  27  3:09  Marine  
  27  3:10  Marine  
  27  3:12  Orbital Command  
  30  3:14  Bunker  
  30  3:20  SCV  
  31  3:27  Marine  
  31  3:28  Barracks Tech Lab  
  31  3:30  Barracks Tech Lab  
  31  3:31  Supply Depot  
  31  3:32  SCV  
  33  3:35  Marine  
  33  3:40  SCV  
  35  3:44  SCV  
  35  3:46  Supply Depot  
  36  3:52  SCV, Stimpack, Combat Shields  
  37  3:56  Marauder  
  37  3:58  Marauder  
  37  3:59  Marine  
  37  4:00  Marine  
  43  4:03  SCV  
  44  4:15  SCV x2  
  39  4:17  Marine, Marauder  
  39  4:23  Marine  
  39  4:24  Marauder  
  43  4:27  SCV  
  43  4:29  SCV  
  43  4:35  Marine  
  43  4:36  Engineering Bay  
  44  4:40  SCV  
  44  4:41  Marine  
  44  4:44  SCV  
  47  4:51  Marine x2  
  47  4:52  SCV  
  50  4:56  SCV, Factory  
  51  5:01  Marine x2  
  51  5:04  SCV  
  51  5:05  Missile Turret  
  54  5:08  SCV  
  54  5:09  Missile Turret, Marauder x2  
  54  5:13  Missile Turret  
  59  5:15  Supply Depot  
  59  5:16  SCV  
  60  5:24  SCV  
  60  5:27  Marine x2  
  62  5:28  Refinery  
  62  5:37  SCV, Marauder  
  62  5:38  Supply Depot  
  62  5:39  Command Center  
  62  5:41  Terran Infantry Weapons Level 1  
  65  5:45  Factory Reactor, Starport  
  63  6:00  Marine  
  63  6:01  Marauder  
  62  6:04  Marine  
  62  6:05  Marauder  
  62  6:09  SCV  
  62  6:13  SCV  
  62  6:15  Refinery  
  62  6:16  Concussive Shells  
  62  6:18  Marine  
  61  6:21  Marine  
  61  6:22  Marine  
  58  6:26  Marauder  
  60  6:36  Barracks, Marine  
  60  6:37  SCV x2, Barracks  
  60  6:38  Medivac x2  
  69  6:40  Marauder, Marine  
  69  6:46  Supply Depot  
  70  6:47  Marauder  
  70  6:52  SCV  
  70  6:53  SCV  
  70  6:54  Marine  
  75  6:57  Marine  
  75  6:58  Orbital Command  
  75  6:59  Factory Reactor  
  78  7:01  Marauder  
  78  7:04  SCV  
  78  7:08  Marine, Medivac x2  
  83  7:11  Marine  
  83  7:13  SCV  
  86  7:15  Supply Depot  
  86  7:16  SCV  
  86  7:17  Marine  
  89  7:23  Marauder  
  89  7:25  SCV  
  89  7:29  Barracks Tech Lab, Marine  
  91  7:31  SCV, Barracks Reactor  
  91  7:32  Orbital Command  
  91  7:33  Supply Depot  
  91  7:35  Marine  
  91  7:36  Marauder  
  96  7:37  SCV, Supply Depot  
  96  7:41  Supply Depot  
  96  7:43  Marine  
  97  7:47  Marine  
  97  7:49  Marauder  
  100  7:53  Marine  
  100  7:56  Marine  
Tags
 
Add a new tag
Caveats
  • Supply blocks, unpowered buildings, or Contaminate may cause inaccurate times.
  • Supply counts are checked every 10 seconds.